 Dungeon Crawl Stone Soup version 0.30-a0-4-ga7cffc901d (webtiles) character file.

Game seed: 15289762686499194683

61 frimble the Digger (level 3, 0/26 HPs)
             Began as a Demonspawn Earth Elementalist on Aug 20, 2022.
             Succumbed to an adder's poison
             ... on level 3 of the Dungeon.
             The game lasted 00:01:51 (3278 turns).

frimble the Digger (Demonspawn Earth Elementalist)  Turns: 3278, Time: 00:01:52

Health: 0/26       AC:  2    Str:  8    XL:     3   Next: 83%
Magic:  6/6        EV: 12    Int: 16    God:
Gold:   97         SH:  0    Dex: 15    Spells: 5/6 levels left

rFire   . . .      SeeInvis .      - Unarmed
rCold   . . .      Faith    .    (no shield)
rNeg    . . .      Spirit   .    a - +0 robe
rPois   .          Reflect  .    (no helmet)
rElec   .          Harm     .    (no cloak)
rCorr   .          Rampage  .    (no gloves)
Will    .....                    (no boots)
Stlth   ++........               (no amulet)
HPRegen 0.08/turn                (no ring)
MPRegen 0.10/turn                (no ring)

@: lethally poisoned (0 -> -4), attractive, hasted, very quick
A: claws 1, foul stench 1
a: no special abilities


You were on level 3 of the Dungeon.
You visited 1 branch of the dungeon, and saw 3 of its levels.

You collected 97 gold pieces.

Inventory:

Armour
 a - a +0 robe (worn)
Jewellery
 n - a ring of ice
Scrolls
 d - a scroll of teleportation {unknown}
 e - a scroll of fear {unknown}
 g - 2 scrolls of identify {unknown}
 h - a scroll of poison {unknown}
 i - a scroll of immolation {unknown}
 l - a scroll of vulnerability {unknown}
 m - a scroll of butterflies {unknown}
 o - a scroll of torment {unknown}
Potions
 b - a potion of magic
 f - a potion of haste


   Skills:
 + Level 1.2 Fighting
 - Level 2.1 Short Blades
 - Level 1.8 Dodging
 - Level 1.8 Stealth
 + Level 1.1 Unarmed Combat
 - Level 2.0 Spellcasting
 - Level 1.0 Transmutations
 - Level 2.7 Earth Magic


You had 5 spell levels left.
You knew the following spells:

 Your Spells              Type           Power      Damage    Failure   Level
a - Sandblast             Erth           20%        2d7       7%          1

Your spell library contained the following spells:

 Spells                   Type           Power      Damage    Failure   Level
 Passwall                 Tmut/Erth      5%         N/A       14%         2
 Stone Arrow              Conj/Erth      12%        3d7       34%         3
 Summon Guardian Golem    Hex/Summ       1%         N/A       52%         3
 Petrify                  Tmut/Erth      7%         N/A       67%         4
 Orb of Destruction       Conj           0%         9d5       100%        7
 Spellforged Servitor     Conj/Summ      0%         N/A       100%        7


Dungeon Overview and Level Annotations

Branches:
Dungeon (3/15)

Altars:

Annotations:
D:2 dig


Innate Abilities, Weirdness & Mutations

You have sharp fingernails.
You may rarely emit foul miasma when damaged in melee.


Message History

There are monsters nearby!
You scratch the kobold.
The kobold is moderately wounded.
You feel sick. The kobold hits you but does no damage. The adder bites you.
It was a potion of haste.
You feel yourself speed up.
You feel sick. The kobold hits you with a +0 club.
* * * LOW HITPOINT WARNING * * *
The adder bites you but does no damage.
It was a potion of attraction.
You feel attractive to monsters. The adder bites you.
* * * LOW HITPOINT WARNING * * *
The kobold hits you with a +0 club.
* * * LOW HITPOINT WARNING * * *
It was a potion of curing.
You feel better. The adder bites you. The kobold hits you with a +0 club.
You scratch the kobold.
The kobold is severely wounded.
The adder bites you.
You are poisoned.
The adder poisons you!
You scratch the kobold.
You kill the kobold!
You feel sick. The adder bites you.
You barely miss the adder.
You feel sick. The adder bites you.
* * * LOW HITPOINT WARNING * * *
You miss the adder. You barely miss the adder.
You feel sick. The adder bites you.
* * * LOW HITPOINT WARNING * * *
You are lethally poisoned!
The adder poisons you!
You closely miss the adder.
* * * LOW HITPOINT WARNING * * *
You feel sick. The adder closely misses you.
You closely miss the adder.
* * * LOW HITPOINT WARNING * * *
You feel sick. The adder barely misses you.
You scratch the adder.
The adder is moderately wounded.
You die...

...### ##....#
..>...#
#######....#
#..........#
+....$.....########
#.................#
#........#........#
#.$......#..@)....#
#........#...S....#
######..##########
#..# #..# #..# #..#
#####..# #......#


You could see an adder.

Vanquished Creatures
  An adder (D:2)
  A worm (D:2)
  2 dart slugs
  3 endoplasms
  A giant cockroach (D:2)
  6 goblins
  A hobgoblin (D:2)
  4 jackals (D:1)
  A quokka (D:1)
  4 ball pythons
  5 bats
  4 frilled lizards
  6 kobolds
  10 rats
49 creatures vanquished.

Notes
Turn   | Place    | Note
-------+----------+-------------------------------------------
     0 | D:1      | frimble the Demonspawn Earth Elementalist began the quest
                  | for the Orb.
     0 | D:1      | Reached XP level 1. HP: 13/13 MP: 3/3
    30 | D:1      | Reached skill level 1 in Transmutations
   617 | D:1      | Reached skill level 1 in Short Blades
   617 | D:1      | Gained mutation: You may rarely emit foul miasma when
                  | damaged in melee. [demonic ancestry]
   617 | D:1      | Reached XP level 2. HP: 17/19 MP: 5/5
  1945 | D:1      | Gained mutation: You have sharp fingernails. [demonic
                  | ancestry]
  1945 | D:1      | Reached XP level 3. HP: 8/24 MP: 6/6
  2221 | D:2      | Found a faded altar of an unknown god.
  2703 | D:2      | Reached skill level 1 in Fighting
  2844 | D:2      | Reached skill level 1 in Unarmed Combat
  3277 | D:3      | HP: 1/26 [poisoned by an adder]
  3278 | D:3      | Succumbed to an adder's poison

Illustrated notes

Levels and vault maps discovered:
D:1:      eino_arrival_druids_welcome, layout_basic
D:2:      layout_loops_cross, ebering_ecumenical_altar_sacrificial,
          minmay_statues_item, chequers_serial_rivers_small_a,
          due_unseen_surprise
D:3:      layout_basic

Skill      XL: |  1  2  3 |
---------------+----------+-----
Transmutations | 1 |  1.0
Short Blades   | 1 2 |  2.1
Fighting       | 1 |  1.2
Unarmed Combat | 1 |  1.1
Dodging        | |  1.8
Stealth        | |  1.8
Spellcasting   | |  2.0
Earth Magic    | |  2.7

Action                   || total
-------------------------++-------
Melee: Dagger            ||   136
       Unarmed           ||    16
       Punch             ||     3
 Cast: Sandblast         ||    19
  Use: Potion            ||     3
 Stab: Sleeping          ||     6
Armor: Robe              ||    28
Dodge: Dodged            ||    91

Table legend: (Time is in decaauts)
 A = Elapsed time spent in this place.
 B = Non-inter-level travel time spent in this place.
 C = Inter-level travel time spent in this place.
 D = Time resting spent in this place.
 E = Time spent auto-exploring this place.
 F = Levels seen in this place.
 G = Mean time per level.
                   A        B        C        D        E       F      G
               +--------+--------+--------+--------+--------+-----+--------+
         Total |   3274 |   3243 |     31 |      0 |   2861 |   3 | 1091.3 |
       Dungeon |   3274 |   3243 |     31 |      0 |   2861 |   3 | 1091.3 |
               +--------+--------+--------+--------+--------+-----+--------+

Top non-repeatable levels by time:
     D:1: 2218 daAuts
     D:2: 674 daAuts
     D:3: 382 daAuts
